 Dungeon Crawl Stone Soup version 0.30.1-4-g462c640d31 (webtiles) character file.

Game seed: 14721583552830478598

25286 leafyfresh the Transmogrifier (level 12, -6/100 HPs)
             Began as a Merfolk Transmuter on Aug 19, 2023.
             Was a High Priest of Ru.
             Mangled by a komodo dragon (10 damage)
             ... while petrified by a basilisk
             ... on level 2 of the Lair of Beasts.
             The game lasted 00:55:14 (23626 turns).

leafyfresh the Transmogrifier (Merfolk Transmuter) Turns: 23626, Time: 00:55:14

Health: -6/100     AC: 14    Str: 11    XL:     12   Next: 18%
Magic:  15/15      EV:  2    Int: 12    God:    Ru [*****.]
Gold:   935        SH:  0    Dex: 19    Spells: 4/15 levels left

rFire   . .          .
                       - Unarmed
rCold   x . .        (no shield)
rNeg    + + +        A - +3 steam dragon scales
rPois   ∞            (no helmet)
rElec   .            y - +2 cloak {Will+}
rCorr   +            U - +2 pair of gloves "Hetzex" {Harm rF+ rCorr Stlth+}
SInv    .            (no boots)
Will    +....        G - amulet of magic regeneration
Stlth   +++          a - ring of resist corrosion
HPRegen 0.36/turn    (no ring)
MPRegen 0.54/turn

%: harm (+30% outgoing, +20% incoming)
@: petrified, unable to read, unable to drink
A: inability to drink after injury 2, inability to read after injury 2,
inexperienced 1, temperature sensitive, (nimble swimmer 2), mertail
a: Renounce Religion, Draw Out Power, Power Leap, Apocalypse


You were on level 2 of the Lair of Beasts.
You worshipped Ru.
Ru was extremely pleased with you.
You visited 4 branches of the dungeon, and saw 17 of its levels.

You collected 935 gold pieces.

Inventory:

Hand Weapons
 p - a +0 longbow of electrocution
 C - the +7 lajatang of Zyigh {spect, rN+ Will+}
   (You took it off Eustachio on level 6 of the Dungeon)

   rN:        It protects you from negative energy.
   Will:      It increases your willpower.
Missiles
 t - 3 throwing nets
 w - 6 curare-tipped darts
Armour
 y - a +2 cloak of willpower (worn)
 z - a +0 kite shield
 A - +3 steam dragon scales (worn)
 B - a +2 leather armour of willpower
 P - a +0 buckler
 U - the +2 pair of gloves "Hetzex" (worn) {Harm rF+ rCorr Stlth+}
   (You found it on level 1 of the Lair of Beasts)

   rF:        It protects you from fire.
   rCorr:     It protects you from acid and corrosion.
   Harm:      It increases damage dealt and taken.
   Stlth:     It makes you more stealthy.
Magical Staves
 I - a staff of air
Jewellery
 a - a ring of resist corrosion (left hand)
 F - a ring of fire
 G - an amulet of magic regeneration (around neck)
 S - a ring of fire
 T - a ring of wizardry
Wands
 b - a wand of charming (10)
 i - a wand of light (4)
 q - a wand of flame (32)
 J - a wand of roots (5)
 L - a wand of polymorph (3)
Scrolls
 e - 4 scrolls of noise
 f - 8 scrolls of teleportation
 j - a scroll of blinking
 k - a scroll of magic mapping
 m - 5 scrolls of immolation
 r - 3 scrolls of poison
 x - a scroll of fog
 H - a scroll of amnesia
 K - 2 scrolls of identify
 M - 3 scrolls of enchant weapon
 O - a scroll of vulnerability
 Q - a scroll of fear
Potions
 c - 2 potions of ambrosia
 d - 5 potions of flight
 g - a potion of resistance {unknown}
 h - 2 potions of cancellation {unknown}
 l - 4 potions of curing
 n - 4 potions of heal wounds {unknown}
 o - 2 potions of mutation {unknown}
 s - 3 potions of might {unknown}
 u - 2 potions of invisibility {unknown}
 v - a potion of berserk rage {unknown}
 D - 4 potions of attraction {unknown}
 E - a potion of brilliance {unknown}
 N - a potion of haste
 V - a potion of degeneration {unknown}
Miscellaneous
 R - a phantom mirror


   Skills:
 - Level 11.4 Fighting
 - Level 13.7 Dodging
 - Level 11.9 Unarmed Combat
 + Level 2.1 Spellcasting
 - Level 14.1 Transmutations
 + Level 5.7 Earth Magic


You had 4 spell levels left.
You knew the following spells:

 Your Spells              Type           Power      Damage    Failure   Level
b - Spider Form           Tmut/Pois      18%        N/A       4%          3
c - Statue Form           Tmut/Erth      16%        N/A       56%         6
d - Blink                 Tloc           2%         N/A       38%         2

Your spell library contained the following spells:

 Spells                   Type           Power      Damage    Failure   Level
 Beastly Appendage        Tmut           70%        N/A       1%          1
 Wereblood                Tmut           35%        N/A       1%          2
 Petrify                  Tmut/Erth      25%        N/A       4%          4
 Ice Form                 Ice/Tmut       18%        N/A       14%         4
 Freeze                   Ice            4%         1d3       26%         1
 Kiss of Death            Conj/Necr      4%         2d5       26%         1
 Stone Arrow              Conj/Erth      16%        3d8       26%         3
 Ensorcelled Hibernation  Hex/Ice        2%         N/A       38%         2
 Lesser Beckoning         Tloc           2%         N/A       38%         2
 Momentum Strike          Conj/Tloc      2%         3d8       38%         2
 Confusing Touch          Hex            1%         N/A       63%         3
 Frozen Ramparts          Ice            2%         1d1       63%         3
 Hailstorm                Conj/Ice       1%         3d3       63%         3
 Animate Armour           Summ/Erth      16%        N/A       63%         4
 Anguish                  Hex/Necr       0%         N/A       95%         4
 Dispel Undead            Necr           1%         3d6       95%         4
 Alistair's Intoxication  Tmut/Pois      12%        N/A       38%         5
 Eringya's Noxious Bog    Tmut/Pois      9%         N/A       92%         6
 Borgnjor's Vile Clutch   Necr/Erth      4%         N/A       93%         5
 Metabolic Englaciation   Hex/Ice        0%         N/A       100%        5
 Lehudib's Crystal Spear  Conj/Erth      4%         10d3      100%        8


Dungeon Overview and Level Annotations

Branches:
Dungeon (12/15)            Temple (1/1) D:5            Lair (2/5) D:8
  Swamp (0/4) Lair:2          Orc (2/2) D:11
  Snake: Lair:2-3    Spider: Lair:2-3       Elf: Orc:2

Altars:
Ashenzari
Cheibriados
Dithmenos
Elyvilon
Fedhas
Gozag
Hepliaklqana
Kikubaaqudgha
Makhleb
Nemelex Xobeh
Okawaru
Qazlal
Ru
Sif Muna
Trog
Uskayaw
Vehumet
Wu Jian
Xom
Yredelemnul
Zin
The Shining One

Shops:
Orc:2 *

Annotations:
Lair:2 1 transporter, Zeor's ghost, journeyman DEHs


Innate Abilities, Weirdness & Mutations

You sometimes lose the ability to drink potions when taking damage.
You sometimes lose the ability to read scrolls when taking damage.
You are somewhat inexperienced. (-1 XL)
You are sensitive to extremes of temperature. (rF-, rC-)
((You are very nimble when in or above water. (Stealth+, EV+, Speed+++)))
Your lower body shifts to a powerful aquatic tail in water.


Message History

The basilisk bites you.
You focus your inner power and paralyse the basilisk in retribution!
The komodo dragon bites you!!
You feel threatened and lose the ability to read scrolls!
You feel threatened and lose the ability to drink potions!
* * * LOW HITPOINT WARNING * * *
The cane toad stings you!
* * * LOW HITPOINT WARNING * * *
Your limbs are stiffening.
You hit the komodo dragon.
The komodo dragon is severely wounded.
The cane toad is no longer moving slowly.
The komodo dragon closely misses you.
Unknown command.
You completely miss the komodo dragon.
The komodo dragon is severely wounded.
Your transformation has ended.
Your +2 cloak of willpower unmelds from your body.
The +2 pair of gloves "Hetzex" {Harm rF+ rCorr Stlth+} unmelds from your body.
Your +3 steam dragon scales unmelds from your body.
You feel strong-willed.
The cane toad stings you but does no damage. x2
The komodo dragon barely misses you.
You have turned to stone.
The cane toad is stunned by your conviction and fails to attack.
The komodo dragon bites you!
* * * LOW HITPOINT WARNING * * *
The cane toad barely misses you.
The komodo dragon bites you but does no damage.
The cane toad completely misses you.
You redirect the komodo dragon's attack!
The komodo dragon closely misses the cane toad.
The cane toad stings you.
* * * LOW HITPOINT WARNING * * *
The cane toad stings you but does no damage.
The komodo dragon bites you.
* * * LOW HITPOINT WARNING * * *
The cane toad stings you!
* * * LOW HITPOINT WARNING * * *
The komodo dragon bites you!!
You die...

............ #P.......PP
.##.........#
...#........# #
..............#..
.................
#..:P..$F†.......
..#....##..l@.._....
..........#..l......#.
......#.###..........#.
......#..##.P...........
........................
#.................>.....
#.......................
#..........(............
#.......................


You could see a komodo dragon (very poisoned), a cane toad and a basilisk
(paralysed).

Vanquished Creatures
  A two-headed ogre (D:7)
  3 death yaks (D:8)
  Sonja (Orc:1)
  The ghost of hawla the Arsonist, a novice MeFE (D:7)
  An orc sorcerer (Orc:1)
  A manticore (D:9)
  2 cyclopes
  An ugly thing (D:9)
  6 elephants (Lair:1)
  Maggie (D:7)
  A cane toad (Lair:1)
  A torpor snail (shapeshifter) (D:11)
  A kobold demonologist (D:7)
  2 komodo dragons
  A hornet (D:9)
  A tyrant leech (Lair:2)
  4 trolls
  Prince Ribbit (D:6)
  3 blink frogs (Lair:1)
  A shadow (D:9)
  Sigmund (D:6)
  3 wraiths
  26 yaks
  Eustachio (D:6)
  2 wyverns
  2 steam dragons
  Menkaure (D:7)
  A warg (D:11)
  2 swamp worms (Lair:2)
  Duvessa (D:7)
  The ghost of Esekla the Grave Robber, an amateur DENe of Vehumet (D:4)
  14 orc warriors
  5 water moccasins
  4 sky beasts
  A black bear (D:7)
  3 ice beasts
  7 ogres
  6 centaurs
  8 wolves (Lair:1)
  2 phantoms
  7 kobold brigands
  3 gnoll sergeants
  4 bullfrogs
  5 scorpions
  4 wights
  Dowan (D:7)
  13 killer bees
  2 howler monkeys
  3 electric eels (D:11)
  2 jellies (D:7)
  15 orc priests
  5 hounds
  Crazy Yiuf (D:6)
  A gnoll bouda (D:8)
  17 orc wizards
  A sleepcap (D:8)
  2 iguanas
  A bullfrog simulacrum (D:4)
  A scorpion simulacrum (D:4)
  9 gnolls
  2 river rats (D:8)
  7 adders
  A hound simulacrum (D:4)
  A shadow imp (D:7)
  5 white imps
  2 ufetubi
  3 worms
  3 dart slugs
  3 adder simulacra (D:4)
  55 orcs
  3 bats
  6 endoplasms
  A giant cockroach (D:3)
  6 goblins
  5 hobgoblins
  5 quokkas
  5 ball pythons
  6 frilled lizards (D:2)
  17 kobolds
  A quokka simulacrum (D:4)
  3 rats
362 creatures vanquished.

Vanquished Creatures (others)
  An ugly thing (D:12)
  A cyclops (D:11)
  A manticore (D:11)
  A wyvern (Lair:1)
  3 orcs
  A spectral weapon (D:8)
8 creatures vanquished.

Grand Total: 370 creatures vanquished

Notes
Turn   | Place    | Note
-------+----------+-------------------------------------------
     0 | D:1      | leafyfresh the Merfolk Transmuter began the quest for the
                  | Orb.
     0 | D:1      | Reached XP level 1. HP: 15/15 MP: 3/3
    35 | D:1      | Reached skill level 3 in Transmutations
   187 | D:1      | Reached XP level 2. HP: 21/21 MP: 5/5
   311 | D:1      | Reached skill level 4 in Transmutations
  1144 | D:2      | Reached XP level 3. HP: 23/26 MP: 4/6
  1211 | D:2      | Found a faded altar of an unknown god.
  1308 | D:2      | Reached skill level 5 in Transmutations
  1711 | D:2      | Learned a level 3 spell: Spider Form
  1898 | D:3      | Reached XP level 4. HP: 32/32 MP: 3/7
  2113 | D:3      | Reached skill level 6 in Transmutations
  2921 | D:4      | Noticed a scorpion
  2928 | D:4      | Killed a scorpion
  2929 | D:4      | Reached skill level 7 in Transmutations
  2929 | D:4      | Reached XP level 5. HP: 33/37 MP: 4/8
  3145 | D:4      | Noticed an ogre
  3151 | D:4      | Killed an ogre
  3152 | D:4      | Reached skill level 8 in Transmutations
  3152 | D:4      | Reached XP level 6. HP: 43/43 MP: 5/9
  3152 | D:4      | Found a runed translucent gate.
  3153 | D:4      | Found a runed translucent gate.
  3198 | D:4      | Found a runed translucent gate.
  3219 | D:4      | Noticed an air elemental
  3221 | D:4      | Found a stormy altar of Qazlal.
  3224 | D:4      | Noticed a fire elemental
  3224 | D:4      | Noticed a water elemental
  3284 | D:4      | Noticed Esekla's ghost (amateur DENe)
  3454 | D:4      | Reached skill level 9 in Transmutations
  3651 | D:4      | Found a blossoming altar of Fedhas.
  3659 | D:4      | Reached XP level 7. HP: 48/48 MP: 6/10
  4181 | D:5      | Entered Level 5 of the Dungeon
  4645 | D:5      | Reached skill level 10 in Transmutations
  4844 | D:5      | Reached XP level 8. HP: 43/57 MP: 9/11
  5155 | D:5      | Found a staircase to the Ecumenical Temple.
  5172 | Temple   | Entered the Ecumenical Temple
  5472 | Temple   | Became a worshipper of Ru the Awakened
  5651 | D:6      | Noticed Sigmund
  5663 | D:6      | Killed Sigmund
  5675 | D:6      | Reached skill level 5 in Dodging
  5772 | D:6      | Reached skill level 5 in Unarmed Combat
  6274 | D:6      | Noticed Prince Ribbit
  6287 | D:6      | Killed Prince Ribbit
  6288 | D:6      | Reached skill level 11 in Transmutations
  6288 | D:6      | Reached XP level 9. HP: 55/66 MP: 9/12
  6387 | D:6      | Reached skill level 5 in Fighting
  6722 | D:6      | Found a runed translucent door.
  6723 | D:6      | Noticed Crazy Yiuf
  6914 | D:6      | Killed Crazy Yiuf
  6999 | D:6      | Identified the +7 lajatang of Zyigh {spect, rN+ Will+}
  6999 | D:6      | Noticed Eustachio
  7008 | D:6      | Killed Eustachio
  7203 | D:7      | Noticed Dowan
  7219 | D:7      | Noticed Duvessa
  7221 | D:7      | Killed Dowan
  7234 | D:7      | Killed Duvessa
  7365 | D:7      | Found a transporter.
  7796 | D:6      | Gained mutation: You occasionally lose the ability to read
                  | scrolls when taking damage. [Ru sacrifice]
  7796 | D:6      | Gained mutation: You sometimes lose the ability to read
                  | scrolls when taking damage. [Ru sacrifice]
  7796 | D:6      | Reached * piety under Ru
  7988 | D:7      | Noticed Menkaure
  8001 | D:7      | Killed Menkaure
  8245 | D:7      | Noticed hawla's ghost (novice MeFE)
  8251 | D:7      | Noticed a cyclops
  8281 | D:7      | Reached XP level 10. HP: 77/77 MP: 13/13
  8395 | D:7      | Noticed a two-headed ogre
  8408 | D:7      | Killed a two-headed ogre
  8767 | D:7      | Found a transporter.
  8802 | D:7      | Noticed Maggie
  8819 | D:7      | Killed Maggie
  9146 | D:7      | Noticed a kobold demonologist
  9953 | D:8      | Reached skill level 10 in Dodging
 10009 | D:8      | Noticed a death yak
 10009 | D:8      | Noticed a death yak
 10185 | D:7      | Learned a level 6 spell: Statue Form
 10188 | D:7      | Learned a level 2 spell: Blink
 10206 | D:8      | Killed a death yak
 10487 | D:8      | Noticed a death yak
 10510 | D:8      | Found a staircase to the Lair.
 10539 | D:8      | Killed a death yak
 11178 | D:8      | HP: 4/82 [death yak (23)]
 12314 | D:8      | Reached XP level 11. HP: 77/89 MP: 14/14
 12393 | D:8      | Killed a death yak
 12637 | D:8      | Found a glowing golden altar of the Shining One.
 13206 | D:8      | Gained mutation: You are somewhat inexperienced. (-1 XL)
                  | [Ru sacrifice]
 13206 | D:8      | Reached XP level 10. HP: 83/83 MP: 13/13
 13206 | D:8      | Reached ** piety under Ru
 13206 | D:8      | Reached *** piety under Ru
 13358 | D:9      | Found a hazy altar of Hepliaklqana.
 13447 | D:9      | Reached skill level 10 in Unarmed Combat
 13618 | D:9      | Noticed a manticore
 13630 | D:9      | Killed a manticore
 13751 | D:9      | Noticed a brown ugly thing
 13785 | D:9      | Found a shadowy altar of Dithmenos.
 13846 | D:9      | Reached skill level 10 in Fighting
 14271 | D:9      | Killed a brown ugly thing
 14568 | D:10     | Entered Level 10 of the Dungeon
 14761 | D:10     | Found a shimmering blue altar of Sif Muna.
 15183 | D:10     | Gained mutation: You are sensitive to extremes of
                  | temperature. (rF-, rC-) [Ru sacrifice]
 15183 | D:10     | Reached **** piety under Ru
 15183 | D:10     | Reached ***** piety under Ru
 15683 | D:11     | Noticed a manticore
 15689 | D:11     | Killed a manticore
 15690 | D:11     | Reached XP level 11. HP: 53/92 MP: 7/14
 17059 | D:11     | Found a staircase to the Orcish Mines.
 17222 | D:12     | Noticed a two-headed ogre
 17316 | Orc:1    | Entered Level 1 of the Orcish Mines
 17316 | Orc:1    | Noticed Sonja
 17329 | D:11     | Reached skill level 1 in Earth Magic
 17834 | Orc:1    | Killed Sonja
 18366 | Orc:2    | Entered Level 2 of the Orcish Mines
 18851 | Orc:2    | Paralysed by an orc sorcerer for 4 turns
 19594 | Orc:1    | Paralysed by an orc sorcerer for 4 turns
 19600 | Orc:1    | Reached skill level 12 in Transmutations
 19902 | Orc:2    | Noticed an orc high priest
 19903 | Orc:2    | Found Qaargho's General Store.
 19904 | Orc:2    | Noticed an orc high priest
 20564 | D:7      | Killed hawla's ghost
 21031 | D:4      | Killed Esekla's ghost
 21573 | Lair:1   | Entered Level 1 of the Lair of Beasts
 21599 | Lair:1   | Gained mutation: You occasionally lose the ability to drink
                  | potions when taking damage. [Ru sacrifice]
 21599 | Lair:1   | Gained mutation: You sometimes lose the ability to drink
                  | potions when taking damage. [Ru sacrifice]
 21725 | Lair:1   | Reached skill level 13 in Transmutations
 22029 | Lair:1   | Reached XP level 12. HP: 97/100 MP: 15/15
 22053 | Lair:1   | Reached skill level 5 in Earth Magic
 22083 | Lair:1   | Reached skill level 14 in Transmutations
 22527 | Lair:1   | Identified the +2 pair of gloves "Hetzex" {Harm rF+ rCorr
                  | Stlth+}
 23003 | Lair:2   | Found a staircase to the Swamp.
 23431 | Lair:2   | Identified the +5 ring mail "Dekogg" {Str+8}
 23530 | Lair:2   | Noticed Zeor's ghost (journeyman DEHs)
 23565 | Lair:2   | Found a transporter.
 23588 | Lair:2   | Found a shimmering altar of Xom.
 23626 | Lair:2   | HP: 4/100 [cane toad (7)]
 23626 | Lair:2   | Mangled by a komodo dragon

Illustrated notes

Levels and vault maps discovered:
D:1:      co_arrival_random_square_maze, layout_basic
D:2:      layout_basic, shapermc_ecumenical_altar_acropolis
D:3:      layout_basic
D:4:      layout_basic, nicolae_qazlal_style_of_elements,
          mainiacjoe_overflow_concentric_impassable, gammafunk_ghost_icy,
          cheibrodos_sewer_entry_bend, cheibrodos_gnoll_hut
D:5:      layout_gridville, minmay_temple_entry_statues,
          kennysheep_generic_room_13
D:6:      layout_loops_ring, uniq_crazy_yiuf_cottage, uniq_eustachio,
          uniq_prince_ribbit1, uniq_sigmund
D:7:      layout_cave_pods, nzn_ghost_randoct,
          minmay_fractal_squares_diagonal_5, uniq_menkaure, uniq_maggie,
          uniq_duvessa
D:8:      layout_basic, tso_altar, dpeg_lair_monsters, kennysheep_small_square
D:9:      nzn_winding_woodlands_small [nzn_winding_woodlands_5x15_pockets,
          nzn_winding_woodlands_center_lodge,
          nzn_winding_woodlands_5x15_default], layout_cave_pools,
          mainiacjoe_overflow_cross_hatched, overflow_temple_1_default
D:10:     layout_roguey, nicolae_sif_muna_condensation
D:11:     layout_basic, erik_orc_2, minmay_misc_feat_enclosed
D:12:     layout_loops_cross
Temple:   minmay_temple_bridge_d
Lair:1:   layout_roguey
Lair:2:   layout_regular_city, minmay_swamp_entry_worms,
          gammafunk_ghost_abyssal_escape, basic_altar
Orc:1:    layout_caves, minmay_orc_barracks, uniq_sonja
Orc:2:    grunt_orc_gardens, layout_caves, grunt_orc_garden, grunt_orc_garden,
          grunt_orc_garden, grunt_orc_garden

Skill      XL: |  1  2  3  4  5  6  7  8  9 10 11 12 |
---------------+-------------------------------------+-----
Transmutations | 3 4 5 7 8 9 10 11 13 14 | 14.1
Dodging        | 4 6 8 13 | 13.7
Fighting       | 2 4 6 10 11 | 11.4
Unarmed Combat | 4 5 7 11 | 11.9
Earth Magic    | 4 5 |  5.7
Spellcasting   | |  2.1

Action                     |  1- 3 |  4- 6 |  7- 9 | 10-12 || total
---------------------------+-------+-------+-------+-------++-------
  Melee: Unarmed           |    23 |    30 |   146 |   887 ||  1086
         Dagger            |    56 |    21 |       |       ||    77
         Headbutt          |     9 |       |       |     4 ||    13
         Lajatang          |       |       |     9 |    84 ||    93
         Punch             |       |       |       |    19 ||    19
         Tailslap          |       |       |       |    13 ||    13
   Fire: Longbow           |       |    45 |   101 |       ||   146
   Cast: Beastly Appendage |     8 |       |       |     3 ||    11
         Spider Form       |     1 |     9 |    27 |    69 ||   106
 Invoke: Sacrifice Words   |       |       |     1 |       ||     1
         Power Leap        |       |       |       |     1 ||     1
         Sacrifice Experie |       |       |       |     1 ||     1
         Sacrifice Resista |       |       |       |     1 ||     1
         Apocalypse        |       |       |       |     2 ||     2
         Sacrifice Drink   |       |       |       |     1 ||     1
  Evoke: Wand              |       |       |     1 |     1 ||     2
    Use: Potion            |       |       |     1 |     6 ||     7
         Scroll            |       |       |     9 |    12 ||    21
   Stab: Sleeping          |     2 |     1 |       |       ||     3
         Distracted        |       |       |       |     8 ||     8
         Invisible         |       |       |       |     4 ||     4
         Paralysed         |       |       |       |     6 ||     6
 Armour: Robe              |     8 |     5 |     1 |       ||    14
         Skin              |       |     1 |    12 |    15 ||    28
         Steam dragon scal |       |       |     2 |    50 ||    52
  Dodge: Dodged            |    65 |    50 |   173 |  1126 ||  1414
